 Dungeon Crawl Stone Soup version 0.29.1-13-g9f3cf754e1 (webtiles) character file.

Game seed: 4419319680915370540

49 cdecastro the Caller (level 3, 0/24 HPs)
             Began as a Barachi Summoner on Jan 26, 2023.
             Succumbed to an adder's poison
             ... on level 2 of the Dungeon on Jan 28, 2023.
             The game lasted 00:07:39 (3558 turns).

cdecastro the Caller (Barachi Summoner)             Turns: 3558, Time: 00:07:40

Health: 0/24       AC:  2    Str:  9    XL:     3   Next: 75%
Magic:  0/6        EV: 12    Int: 17    God:
Gold:   129        SH:  0    Dex: 12    Spells: 0/6 levels left

rFire   . . .      SeeInvis .   f - +0 short sword
rCold   . . .      Faith    .   (no shield)
rNeg    . . .      Spirit   .   a - +0 robe
rPois   .          Reflect  .   (no helmet)
rElec   .          Harm     .   (no cloak)
rCorr   .          Rampage  .   (no gloves)
Will    .....                   (no boots)
Stlth   ++........              (no amulet)
HPRegen 0.08/turn               (no ring)
MPRegen 0.10/turn               (no ring)

@: brilliant, lethally poisoned (0 -> -4), unable to hop, slow
A: amphibious, slowness 1, strong legs 1, +LOS
a: Hop


You were on level 2 of the Dungeon.
You visited 1 branch of the dungeon, and saw 3 of its levels.

You collected 129 gold pieces.

Inventory:

Hand Weapons
 e - a +0 whip
 f - a +0 short sword (weapon)
Armour
 a - a +0 robe (worn)
 o - +0 steam dragon scales
 p - a +0 troll leather armour
Magical Staves
 i - a staff of air
Jewellery
 m - an amulet of the acrobat
Scrolls
 c - 4 scrolls of identify {unknown}
 g - a scroll of torment {unknown}
 h - a scroll of noise {unknown}
 l - a scroll of vulnerability {unknown}
 q - a scroll of teleportation {unknown}
 r - a scroll of brand weapon {unknown}
Potions
 b - a potion of magic
 d - 2 potions of brilliance
 j - a potion of cancellation {unknown}
 k - 2 potions of curing {unknown}
 n - a potion of heal wounds {unknown}
 s - a potion of flight {unknown}


   Skills:
 - Level 2.1 Dodging
 - Level 1.7 Stealth
 - Level 2.1 Spellcasting
 + Level 6.4 Summonings


You couldn't memorise any spells.
You knew the following spells:

 Your Spells              Type           Power      Damage    Failure   Level
a - Summon Small Mammal   Summ           100%       N/A       1%          1
b - Call Imp              Summ           35%        N/A       1%          2
c - Call Canine Familiar  Summ           35%        N/A       4%          3

Your spell library contained the following spells:

 Spells                   Type           Power      Damage    Failure   Level
 Summon Guardian Golem    Hex/Summ       19%        N/A       16%         3
 Shock                    Conj/Air       8%         1d3       19%         1
 Summon Lightning Spire   Summ/Air       19%        N/A       45%         4
 Ignite Poison            Fire/Tmut/Pois 2%         N/A       50%         3
 Mephitic Cloud           Conj/Pois/Air  2%         N/A       50%         3
 Swiftness                Air            2%         N/A       50%         3
 Airstrike                Air            1%         2d(1-17)  88%         4
 Freezing Cloud           Conj/Ice/Air   1%         6-21      99%         5


Dungeon Overview and Level Annotations

Branches:
Dungeon (3/15)

Altars:


Innate Abilities, Weirdness & Mutations

You are amphibious.
You cover ground slowly.
You can hop short distances.
You have an extended range of vision and can be seen from far away.


Message History

The adder bites you but does no damage. The adder bites you.
You are poisoned.
The adder poisons you!
Unknown command.
Casting: Call Imp (safe; 1% risk of failure)
Confirm with . or Enter, or press ? or * to list all spells.
You feel sick. The adder bites you.
* * * LOW HITPOINT WARNING * * *
Unknown command.
Hop to where?
Press: ? - help, Dir - move target Boing!
You feel sick.
Your crimson imp closely misses the adder.
Unknown command.
Casting: Summon Small Mammal (safe; 1% risk of failure)
Confirm with . or Enter, or press ? or * to list all spells.
You feel sick. The adder bites your quokka.
Your crimson imp blinks!
Unknown command.
You feel sick.
Your quokka barely misses the adder.
The adder bites your rat.
Your rat dies!
Your rat's corpse disappears in a puff of smoke!
Unknown command.
Casting: Summon Small Mammal (safe; 1% risk of failure)
Confirm with . or Enter, or press ? or * to list all spells.
You feel sick.
Unknown command.
You feel sick.
You are no longer poisoned.
Unknown command.
Your quokka bites the adder but does no damage.
Your crimson imp blinks!
The adder bites you.
* * * LOW HITPOINT WARNING * * *
You are lethally poisoned!
The adder poisons you!
Unknown command.
It was a potion of brilliance.
You feel clever all of a sudden.
You die...

#..##.# #.##.#.# #.#..
#..##.#####.#....# #.#..
#..#......#.##..>#### #.#..
#..#......#.##...5..### #.#..
#..#......#.##§..##...## #.#..
#..#......#.##...####..### #.#..
##..#......#.##.rr#####...# #.#..
................S....####.###.#..
##..............@.##.# #........
####......#.##...##.########.##.
##....##.##...##.##.......<..
#....##.##...##.##.########.
#....##.#...................
#....##.##...##.##.########.
#....§................##..#.
#....##.##.#.#..##.##.#.....
############.##.#.#..##.##.#.....


You could see an adder (ally target), a friendly crimson imp (summoned) and 2
friendly quokkas.

Vanquished Creatures
  An endoplasm (D:1)
  2 giant cockroaches
  A goblin (D:1)
  2 hobgoblins (D:1)
  2 quokkas (D:1)
  3 ball pythons
  A bat (D:1)
  2 frilled lizards
  4 rats
18 creatures vanquished.

Vanquished Creatures (collateral kills)
  A worm (D:2)
  3 dart slugs
  2 endoplasms (D:1)
  A giant cockroach (D:1)
  A hobgoblin (D:2)
  2 quokkas
  2 ball pythons
  3 bats
  A frilled lizard (D:1)
  2 goblins (D:2)
  3 kobolds
21 creatures vanquished.

Grand Total: 39 creatures vanquished

Notes
Turn   | Place    | Note
-------+----------+-------------------------------------------
     0 | D:1      | cdecastro the Barachi Summoner began the quest for the Orb.
     0 | D:1      | Reached XP level 1. HP: 13/13 MP: 3/3
   113 | D:1      | Reached skill level 5 in Summonings
   206 | D:1      | Reached XP level 2. HP: 14/19 MP: 5/5
   334 | D:1      | Found a faded altar of an unknown god.
   640 | D:1      | Learned a level 2 spell: Call Imp
  1522 | D:1      | Reached XP level 3. HP: 22/24 MP: 3/6
  1526 | D:1      | Learned a level 3 spell: Call Canine Familiar
  1616 | D:1      | Reached skill level 6 in Summonings
  3557 | D:2      | HP: 1/24 [adder (2)]
  3558 | D:2      | Succumbed to an adder's poison

Illustrated notes

Levels and vault maps discovered:
D:1:      dpeg_arrival_rhombi, layout_basic,
          hellmonk_ecumenical_altar_leap_of_faith, dreamdust_princess_corridor
D:2:      layout_basic
D:3:      kennysheep_slugbush, layout_basic

Skill      XL: |  1  2  3 |
---------------+----------+-----
Summonings     | 5 6 |  6.4
Dodging        | |  2.1
Stealth        | |  1.7
Spellcasting   | |  2.1

Action                   || total
-------------------------++-------
Melee: Unarmed           ||     5
       Short sword       ||    81
       Whip              ||     3
       Punch             ||     1
 Cast: Summon Small Mamm ||    23
       Call Imp          ||    23
 Abil: Hop               ||     1
  Use: Potion            ||     1
 Stab: Sleeping          ||     3
Armor: Robe              ||    29
Dodge: Dodged            ||    72
